 Dungeon Crawl Stone Soup version 0.26-a0-651-gb41185065b (webtiles) character file.

Game seed: 4334388535161160822

6349 Arthanis the Cleaver (level 10, -7/66 HPs)
             Began as a Gargoyle Berserker on Oct 31, 2020.
             Was a High Priest of Trog.
             Mangled by a death yak (15 damage)
             ... on level 10 of the Dungeon.
             The game lasted 00:09:41 (8629 turns).

Arthanis the Cleaver (Gargoyle Berserker)           Turns: 8629, Time: 00:09:41

Health: -7/66      AC: 24    Str: 21    XL:     10   Next: 96%
Magic:  19/19      EV:  7    Int: 11    God:    Trog [*****.]
Gold:   558        SH:  4    Dex:  9    Spells: 9/9 levels left

rFire    . . .     SeeInvis +   M - +3 war axe (freeze)
rCold    . . .     Faith    .   r - +0 buckler
rNeg     + . .     Spirit   .   O - +0 plate armour
rPois    ∞         Reflect  .   p - +0 helmet
rElec    +         Harm     .   (no cloak)
rCorr    .         Rampage  .   J - +0 pair of gloves
MR       ++...                  A - +0 pair of boots
Stlth    ..........             (no amulet)
HPRegen  1.21/turn              x - ring of see invisible
MPRegen  0.16/turn              P - ring of magical power

@: berserk cooldown, regenerating
A: negative energy resistance 1, electricity resistance, unbreathing,
petrification resistance, rot immunity, AC +7
a: Berserk, Trog's Hand, Brothers in Arms, Renounce Religion


You were on level 10 of the Dungeon.
You worshipped Trog.
Trog was extremely pleased with you.
You visited 1 branch of the dungeon, and saw 10 of its levels.

You collected 558 gold pieces.

Inventory:

Hand Weapons
 a - a +0 hand axe
 F - a +0 spear
 M - a +3 war axe of freezing (weapon)
Armour
 b - a +0 animal skin
 l - a +0 chain mail
 p - a +0 helmet (worn)
 r - a +0 buckler (worn)
 u - a +0 tower shield
 A - a +0 pair of boots (worn)
 G - a +0 chain mail of magic resistance
 J - a +0 pair of gloves (worn)
 O - a +0 plate armour (worn)
Jewellery
 x - a ring of see invisible (left hand)
 C - an uncursed ring of fire
 H - an uncursed ring of flight
 L - a +6 ring of intelligence
 P - a ring of magical power (right hand)
Wands
 D - a wand of paralysis (8)
 K - a wand of digging (5)
 N - a wand of flame (19)
Scrolls
 e - a scroll of fog
 f - 2 scrolls of fear
 j - 2 scrolls of teleportation
 q - 3 scrolls of remove curse
 v - 5 scrolls of enchant weapon
 y - 3 scrolls of magic mapping
 I - a scroll of immolation
 Q - 2 scrolls of holy word
Potions
 c - 4 potions of curing
 d - a potion of cancellation {unknown}
 i - a potion of stabbing {unknown}
 k - 2 potions of heal wounds
 m - 4 potions of haste
 n - 2 potions of magic {unknown}
 o - a potion of degeneration {unknown}
 t - 2 potions of brilliance
 w - 3 potions of flight {unknown}
 z - 2 potions of mutation {unknown}
 B - a potion of experience {unknown}
 E - a potion of berserk rage {unknown}


   Skills:
 + Level 9.4 Fighting
 * Level 10.7 Axes
 + Level 7.9 Armour
 - Level 2.0 Dodging
 - Level 4.0 Shields
 + Level 2.1 Evocations


You had 9 spell levels left.
You didn't know any spells.
Your spell library contained the following spells:

 Spells                   Type           Power        Failure   Level
 Shock                    Conj/Air       #...         99%         1
 Swiftness                Air            #.......     100%        2
 Static Discharge         Conj/Air       #.......     100%        3
 Airstrike                Air            #.........   100%        4
 Lightning Bolt           Conj/Air       #.........   100%        5


Dungeon Overview and Level Annotations

Branches:
Dungeon (10/15)            Temple (0/1) D:5            Lair (0/6) D:9
    Orc: D:9-12

Altars:
Ashenzari
Elyvilon
Fedhas
Gozag
Kikubaaqudgha
Makhleb
Nemelex Xobeh
Ru
Sif Muna
Trog
Uskayaw
Xom
Yredelemnul
The Shining One

Shops:
D:5 (   D:8 (


Innate Abilities, Weirdness & Mutations

You are resistant to torment.
Your stone body is resilient. (AC +7)
You are immune to poison.
You resist negative energy. (rN+)
You are resistant to electric shocks. (rElec)
You can survive without breathing.
You are immune to petrification.
You are immune to rotting.


Message History

* * * LOW HITPOINT WARNING * * *
The death yak barely misses you.
Found a stone staircase leading down.
There is an open door here.
You block the death yak's attack. The death yak gores you.
* * * LOW HITPOINT WARNING * * *
The death yak gores you but does no damage.
There is a stone staircase leading down here.
The death yak gores you but does no damage.
The death yak gores you!
* * * LOW HITPOINT WARNING * * *
You climb downwards.
There is a stone staircase leading up here.
Your skin crawls.
You feel resistant to hostile enchantments.
You feel yourself speed up.
The death yak gores you but does no damage.
The death yak gores you!
You die...

### ..#
#.# #
#Y#.####.
#@YY.....
########.


You could see 3 death yaks.

Vanquished Creatures
  Erolcha (D:9)
  2 death yaks
  Maggie (D:9)
  3 yaks (D:9)
  Menkaure (D:4)
  2 sky beasts
  4 ice beasts
  A black bear (D:7)
  3 orc warriors
  2 phantoms
  2 centaurs (D:8)
  4 ogres
  A crocodile (D:7)
  2 bullfrogs
  3 scorpions
  6 killer bees
  5 wights (D:7)
  2 howler monkeys (D:6)
  A centaur zombie (D:6)
  A bullfrog zombie (D:7)
  3 orc priests
  A hound (D:9)
  3 jellies
  2 bullfrog skeletons
  7 orc wizards
  Jessica (D:3)
  Terence (D:3)
  3 iguanas
  3 worker ants
  A hound skeleton (D:7)
  A hound zombie (D:6)
  A howler monkey skeleton (D:7)
  9 adders
  9 gnolls
  A white imp (D:5)
  2 ufetubi (D:8)
  2 oozes
  2 adder skeletons
  2 worms
  4 dart slugs
  8 leopard geckos
  18 orcs
  8 bats
  8 giant cockroaches
  5 hobgoblins
  11 jackals
  3 quokkas
  A ball python (D:3)
  4 frilled lizards
  11 goblins
  6 kobolds
  A quokka zombie (D:6)
  9 rats
198 creatures vanquished.

Vanquished Creatures (others)
  5 plants (D:2)
5 creatures vanquished.

Grand Total: 203 creatures vanquished

Notes
Turn   | Place    | Note
-------+----------+-------------------------------------------
     0 | D:1      | Arthanis the Gargoyle Berserker began the quest for the
                  | Orb.
     0 | D:1      | Reached XP level 1. HP: 14/14 MP: 1/1
   252 | D:1      | Reached XP level 2. HP: 16/19 MP: 2/2
   331 | D:1      | Reached skill level 3 in Axes
   550 | D:1      | Reached XP level 3. HP: 23/23 MP: 3/3
   780 | D:2      | Reached ** piety under Trog
   890 | D:2      | Found a basalt altar of Yredelemnul.
   890 | D:2      | Found a blossoming altar of Fedhas.
   923 | D:2      | Found a glowing golden altar of the Shining One.
   945 | D:2      | Found a shimmering altar of Xom.
   963 | D:2      | Reached XP level 4. HP: 29/29 MP: 4/4
  1618 | D:3      | Found an ancient bone altar of Kikubaaqudgha.
  1768 | D:3      | Noticed Terence
  1780 | D:3      | Killed Terence
  1780 | D:3      | Reached skill level 1 in Shields
  1780 | D:3      | Reached XP level 5. HP: 33/33 MP: 5/5
  1806 | D:3      | Found a blossoming altar of Fedhas.
  1820 | D:3      | Found a white marble altar of Elyvilon.
  2189 | D:3      | Reached skill level 4 in Axes
  2387 | D:3      | Noticed Jessica
  2406 | D:3      | Killed Jessica
  2518 | D:4      | Noticed an ogre
  2527 | D:4      | HP: 2/49 [ogre/+0 giant club (16)]
  2529 | D:4      | Killed an ogre
  2529 | D:4      | Reached XP level 6. HP: 2/39 MP: 6/6
  2816 | D:4      | Found a hide-covered altar of Uskayaw.
  3005 | D:4      | Noticed Menkaure
  3017 | D:4      | Killed Menkaure
  3089 | D:4      | Found an opulent altar of Gozag.
  3455 | D:5      | Entered Level 5 of the Dungeon
  3478 | D:5      | Found a staircase to the Ecumenical Temple.
  3494 | D:5      | Noticed an ice beast
  3509 | D:5      | Killed an ice beast
  3509 | D:5      | Reached skill level 5 in Axes
  3509 | D:5      | Reached XP level 7. HP: 44/44 MP: 7/7
  3543 | D:5      | Found a bloodstained altar of Trog.
  3594 | D:5      | Found Fitrer's Antique Weapon Shoppe.
  3606 | D:5      | Reached skill level 5 in Fighting
  3770 | D:5      | Reached *** piety under Trog
  4374 | D:5      | Reached XP level 8. HP: 49/49 MP: 8/8
  4580 | D:6      | Reached skill level 6 in Axes
  4635 | D:6      | Reached skill level 5 in Armour
  5613 | D:6      | Found a shimmering blue altar of Sif Muna.
  5986 | D:6      | Reached skill level 7 in Axes
  6039 | D:6      | Found a sacrificial altar of Ru.
  6196 | D:7      | Reached XP level 9. HP: 25/56 MP: 9/9
  6459 | D:7      | Reached **** piety under Trog
  6741 | D:7      | Reached skill level 8 in Axes
  7321 | D:8      | Reached skill level 9 in Axes
  7418 | D:8      | Found Gotakh's Antique Weapon Emporium.
  7825 | D:8      | Found a burning altar of Makhleb.
  7966 | D:9      | Reached ***** piety under Trog
  7966 | D:9      | Reached XP level 10. HP: 64/64 MP: 10/10
  8219 | D:9      | Noticed Erolcha
  8229 | D:9      | Killed Erolcha
  8229 | D:9      | Reached skill level 10 in Axes
  8391 | D:9      | Found a staircase to the Lair.
  8391 | D:9      | Noticed a death yak
  8391 | D:9      | Noticed a death yak
  8391 | D:9      | Noticed a death yak
  8392 | D:9      | Noticed a death yak
  8392 | D:9      | Noticed a death yak
  8392 | D:9      | Noticed a death yak
  8392 | D:9      | Noticed a death yak
  8406 | D:8      | Killed a death yak
  8406 | D:8      | Reached skill level 1 in Evocations
  8430 | D:9      | Found a sparkling altar of Nemelex Xobeh.
  8430 | D:9      | Found a broken altar of Ashenzari.
  8508 | D:9      | Noticed Maggie
  8536 | D:9      | Killed Maggie
  8592 | D:9      | Noticed a death yak
  8599 | D:9      | Killed a death yak
  8628 | D:10     | Entered Level 10 of the Dungeon
  8629 | D:10     | Mangled by a death yak

Illustrated notes

Levels and vault maps discovered:
D:1:      psy_arrival_radial02, layout_basic, minmay_hexomino_f4
D:2:      wad_lake_hut, layout_rooms, lemuel_doored_altar,
          amethyst_overflow_temple_binary, grunt_ministairs_15, xom_teletrap_fun
D:3:      layout_basic, elyvilon_altar_5, overflow_temple_1_default,
          fedhas_altar_2, uniq_jessica, uniq_terence
D:4:      layout_basic, eat_drink_and_be_merry_uskayaw, grunt_gozag_statues,
          uniq_menkaure
D:5:      layout_basic, kennysheep_mini_moat, minmay_temple_entry_arrows,
          serial_shops, shop
D:6:      layout_layer_cave, lemuel_round_altar, old_standard_altar
D:7:      lemuel_upstairs_altar, layout_rooms, serial_glass, glass_columns_c,
          glass_columns_b, glass_columns_a, glass_columns_a, glass_columns_c,
          glass_columns_a, feat_on_display, minmay_strange_pillars,
          minmay_strange_pillars
D:8:      layout_rooms, old_standard_altar, serial_shops, shop
D:9:      layout_stronghold, chequers_temple_overflow_statue_of_worship,
          dpeg_lair_monsters, bloody_trog, uniq_maggie, uniq_erolcha
D:10:     layout_basic, chequers_jeans, serial_bayou_pond_e, okawaru_trees_1

Skill      XL: |  1  2  3  4  5  6  7  8  9 10 |
---------------+-------------------------------+-----
Axes           | 3 4 5 7 9 10 | 10.7
Dodging        | 2 |  2.0
Armour         | 3 4 6 7 |  7.9
Fighting       | 4 5 6 8 9 |  9.4
Shields        | 1 2 3 4 |  4.0
Evocations     | 2 |  2.1

Action                   |  1- 3 |  4- 6 |  7- 9 | 10-12 || total
-------------------------+-------+-------+-------+-------++-------
Melee: Hand axe          |   115 |   240 |   482 |       ||   837
       War axe           |       |       |    57 |    64 ||   121
Invok: Berserk           |       |     4 |    10 |     4 ||    18
       Trog's Hand       |       |       |       |     2 ||     2
  Use: Scroll            |       |       |       |    12 ||    12
Armor: Chain mail        |    83 |   129 |   294 |       ||   506
       Animal skin       |     1 |       |       |       ||     1
       Plate armour      |       |       |    42 |    54 ||    96
Dodge: Dodged            |    71 |    72 |   200 |    22 ||   365
Block: Buckler           |     2 |    12 |    88 |    15 ||   117
       Tower shield      |       |    96 |       |       ||    96

Table legend: (Time is in decaauts)
 A = Elapsed time spent in this place.
 B = Non-inter-level travel time spent in this place.
 C = Inter-level travel time spent in this place.
 D = Time resting spent in this place.
 E = Time spent auto-exploring this place.
 F = Levels seen in this place.
 G = Mean time per level.
                   A        B        C        D        E       F      G
               +--------+--------+--------+--------+--------+-----+--------+
         Total |   8897 |   8590 |    307 |      0 |   6775 |  10 |  889.7 |
       Dungeon |   8897 |   8590 |    307 |      0 |   6775 |  10 |  889.7 |
               +--------+--------+--------+--------+--------+-----+--------+

Top non-repeatable levels by time:
     D:6: 1647 daAuts
     D:7: 1217 daAuts
     D:5: 1042 daAuts
     D:4: 969 daAuts
     D:3: 937 daAuts
     D:2: 902 daAuts
     D:1: 793 daAuts
     D:8: 712 daAuts
     D:9: 672 daAuts
    D:10: 1 daAuts
